 Dungeon Crawl Stone Soup version 0.19.1-1-g22dce08 (webtiles) character file.

3250 Alarkh the Thaumaturge (level 9, -9/57 HPs)
             Began as a Mummy Conjurer on Jan 11, 2017.
             Was a Follower of Okawaru.
             Shot with an arrow by a centaur (14 damage)
             ... on level 8 of the Dungeon.
             The game lasted 00:19:36 (9433 turns).

Alarkh the Thaumaturge (Mummy Conjurer)             Turns: 9433, Time: 00:19:37

Health: -9/57      AC:  8    Str: 15    XL:     9   Next: 67%
Magic:  6/21       EV: 12    Int: 18    God:    Okawaru [*.....]
Gold:   221        SH:  5    Dex: 12    Spells: 5 memorised, 9 levels left

rFire  x . .     SeeInvis .     a - +11 dagger of Contradiction {speed, rN+}
rCold  + . .     Gourm    .     o - +1 animal skin
rNeg   + + +     Faith    .     z - +2 buckler
rPois  ∞         Spirit   .     v - +2 hat
rElec  .         Reflect  .     x - +2 cloak {MR+}
rCorr  .         Harm     .     (no gloves)
MR     ++...                    (no boots)
Stlth  ++........               (no amulet)
                                n - +1 ring of evasion
                                B - +4 ring of strength

@: no status effects
A: no food or potions, fire vulnerability, cold resistance 1, negative energy
resistance 3, torment resistance, unbreathing
a: Heroism, Renounce Religion


You were on level 8 of the Dungeon.
You worshipped Okawaru.
Okawaru was aware of your devotion.
You were not hungry.

You visited 2 branches of the dungeon, and saw 10 of its levels.
You also visited: Sewer and Ossuary.

You collected 483 gold pieces.
You spent 262 gold pieces at shops.

Inventory:

Hand Weapons
 a - the +11 dagger of Contradiction (weapon) {speed, rN+}
   (You found it on level 4 of the Dungeon)

   Attacks with this weapon are significantly faster.
   It protects you from negative energy.
 b - a +0 quarterstaff
 c - a +0 dagger
 u - a +0 hand axe
 A - a +1 quarterstaff of crushing
Missiles
 m - a throwing net (quivered)
Armour
 f - a +0 helmet
 o - a +1 animal skin (worn)
 v - a +2 hat (worn)
 x - a +2 cloak of magic resistance (worn)
 z - a +2 buckler (worn)
Jewellery
 n - a +1 ring of evasion (right hand)
 t - an uncursed amulet of faith
 B - a +4 ring of strength (left hand)
Wands
 i - a wand of lightning (1/15)
 w - a wand of flame (40/48)
 y - a wand of confusion (25/48)
Scrolls
 d - a scroll of remove curse
 e - 3 scrolls of identify
 g - a scroll of random uselessness
 h - 3 scrolls of magic mapping
 j - 2 scrolls of blinking
 k - 2 scrolls of immolation
 l - 3 scrolls of amnesia
 q - 4 scrolls of teleportation
 r - a scroll of fear
 s - a scroll of fog
Books
 p - a book of Conjurations

   Spells                             Type                      Level
   a - Magic Dart                     Conjuration                  1
   b - Searing Ray                    Conjuration                  2
   c - Dazzling Spray                 Conjuration/Hexes            3
   d - Fulminant Prism                Conjuration/Hexes            4
   e - Iskenderun's Mystic Blast      Conjuration                  4
   f - Iskenderun's Battlesphere      Conjuration/Charms           5


   Skills:
 + Level 1.7 Axes
 - Level 1.5 Dodging
 - Level 1.5 Stealth
 + Level 8.1 Spellcasting
 + Level 7.7 Conjurations
 + Level 5.2 Charms


You had 9 spell levels left.
You knew the following spells:

 Your Spells              Type           Power        Failure   Level  Hunger
a - Magic Dart            Conj           ####         1%          1    N/A
b - Iskenderun's Mystic   Conj           #####...     10%         4    N/A
c - Iskenderun's Battles  Conj/Chrm      ####....     38%         5    N/A
d - Dazzling Spray        Conj/Hex       ###...       12%         3    N/A
e - Searing Ray           Conj           #####.       1%          2    N/A

Dungeon Overview and Level Annotations

Branches:
Dungeon (9/15)             Temple (1/1) D:7
   Lair: D:8-11         Orc: D:9-12

Altars:
Ashenzari
Cheibriados
Elyvilon
Fedhas
Gozag
Hepliaklqana
Kikubaaqudgha
Makhleb
Nemelex Xobeh
Okawaru
Qazlal
Sif Muna
Trog
Uskayaw
Vehumet
Xom
Yredelemnul
The Shining One

Shops:
D:5 =:[


Innate Abilities, Weirdness & Mutations

You do not eat or drink.
Your flesh is vulnerable to fire.
You are immune to poison.
Your flesh is cold resistant. (rC+)
You are immune to negative energy. (rN+++)
You are immune to unholy pain and torment.
You can survive without breathing.


Message History

The magic dart hits the iguana.
The iguana is heavily wounded.
Your battlesphere fires!
The barrage of energy hits the iguana.
The iguana is almost dead.
The iguana bites you!
* * * LOW HITPOINT WARNING * * *
Casting: Magic Dart
Confirm with . or Enter, or press ? or * to list all spells.
Aiming: Magic Dart
Press: ? - help, Shift-Dir - straight line, f/p - iguana
Aim: an iguana (almost dead)
The magic dart hits the iguana.
The iguana is almost dead.
Your battlesphere fires!
The barrage of energy hits the iguana.
You kill the iguana!
Okawaru accepts your kill.
The centaur shoots an arrow.
The arrow hits you!
You die...

#########################
.......#*................
......c'@.....[<......[..
#####.###..##...###.##..#
# #..###### ####..# #..#
#.... #..#.. #....
#..#... #.... ##.# #..
###.. #+###..#######..
..............


You could see a centaur and a friendly battlesphere.

Vanquished Creatures
  Pikel (D:4)
  A hornet (D:8)
  2 slaves (D:4)
  2 phantoms (D:6)
  A black bear (D:5)
  A necrophage (D:8)
  4 ogres
  An elf zombie (Ossuary)
  A wyvern zombie (D:7)
  2 bullfrogs
  A scorpion (D:4)
  A water moccasin skeleton (D:7)
  3 wights (D:8)
  3 crimson imps
  A bullfrog zombie (D:5)
  A centaur zombie (D:5)
  4 hounds
  3 orc priests (D:5)
  A centaur skeleton (D:5)
  A gnoll shaman (D:5)
  Crazy Yiuf (D:4)
  3 bullfrog skeletons (D:5)
  4 iguanas
  2 worker ants
  2 orc wizards
  A merfolk avatar (Sewer)
  2 sirens (Sewer)
  A killer bee zombie (D:5)
  A hound zombie (D:5)
  3 mummies (Ossuary)
  3 howler monkey zombies
  Robin (D:3)
  16 gnolls
  15 adders
  A shadow imp (D:6)
  4 adder zombies
  2 adder skeletons (D:5)
  2 worms
  2 dart slugs
  6 leopard geckos
  26 orcs
  4 ball pythons (Sewer)
  14 giant cockroaches
  15 goblins
  13 hobgoblins
  10 jackals
  12 kobolds
  12 bats
  9 frilled lizards
  A giant cockroach zombie (D:5)
  A gnoll zombie (Ossuary)
  2 hobgoblin zombies (Ossuary)
  A jackal skeleton (D:5)
  A jackal zombie (D:5)
  6 kobold zombies (Ossuary)
  A quokka skeleton (D:5)
  5 quokka zombies
  30 rats
  4 rat zombies (Ossuary)
274 creatures vanquished.

Notes
Turn   | Place    | Note
-------+----------+-------------------------------------------
     0 | D:1      | Alarkh the Mummy Conjurer began the quest for the Orb.
     0 | D:1      | Reached XP level 1. HP: 13/13 MP: 3/3
   194 | D:1      | Reached XP level 2. HP: 11/19 MP: 0/5
  1260 | D:2      | Reached XP level 3. HP: 24/24 MP: 2/7
  1268 | D:1      | Learned a level 2 spell: Searing Ray
  1272 | D:1      | Learned a level 3 spell: Dazzling Spray
  1615 | D:2      | Reached skill level 3 in Spellcasting
  1819 | D:2      | Reached XP level 4. HP: 22/30 MP: 2/8
  2631 | D:3      | Found a glowing drain.
  2695 | Sewer    | Entered a sewer
  2720 | Sewer    | Learned a level 4 spell: Iskenderun's Mystic Blast
  2812 | Sewer    | Reached XP level 5. HP: 35/35 MP: 5/10
  2973 | Sewer    | Reached skill level 4 in Spellcasting
  3507 | D:3      | Noticed Robin
  3527 | D:3      | Found a white marble altar of Elyvilon.
  3538 | D:3      | Killed Robin
  3540 | D:3      | Reached XP level 6. HP: 24/41 MP: 0/12
  4278 | D:3      | Reached skill level 5 in Conjurations
  4676 | D:4      | Noticed a slave
  4763 | D:4      | Got a warped dagger
  4764 | D:4      | Identified the +11 dagger of Contradiction {speed, rN+} (You found it on level 4 of the Dungeon)
  4815 | D:4      | Found a sand-covered staircase.
  4824 | Ossuary  | Entered an ossuary
  4849 | Ossuary  | Reached skill level 5 in Spellcasting
  4878 | Ossuary  | Reached XP level 7. HP: 25/46 MP: 5/14
  5186 | Ossuary  | Learned a level 5 spell: Iskenderun's Battlesphere
  5383 | D:4      | Found a runed door.
  5738 | D:4      | Noticed Pikel
  5829 | D:4      | Killed Pikel
  5829 | D:4      | Reached skill level 6 in Spellcasting
  5829 | D:4      | Reached XP level 8. HP: 45/52 MP: 3/17
  6234 | D:4      | Noticed Crazy Yiuf
  6238 | D:4      | Killed Crazy Yiuf
  6303 | D:5      | Entered Level 5 of the Dungeon
  6829 | D:5      | Found a deep blue altar of Sif Muna.
  6840 | D:5      | Found Rediomui's Antique Armour Shop.
  6848 | D:5      | Bought a runed cloak for 262 gold pieces
  7000 | D:5      | Found Jaunous's Book Boutique.
  7181 | D:5      | Found Viubept's Jewellery Shop.
  7219 | D:5      | Reached skill level 7 in Spellcasting
  7477 | D:6      | Found a shattered altar of Ashenzari.
  7653 | D:6      | Reached XP level 9. HP: 56/57 MP: 19/19
  8787 | D:7      | Found a staircase to the Ecumenical Temple.
  8806 | Temple   | Entered the Ecumenical Temple
  8894 | Temple   | Became a worshipper of Warmaster Okawaru
  9005 | D:7      | You fall through a shaft for 2 floors!
  9155 | D:8      | Reached skill level 1 in Axes
  9185 | D:8      | Reached skill level 5 in Charms
  9314 | D:8      | Reached * piety under Okawaru
  9314 | D:8      | Reached skill level 8 in Spellcasting
  9433 | D:8      | Shot with an arrow by a centaur

Skill      XL: |  1  2  3  4  5  6  7  8  9 |
---------------+----------------------------+-----
Spellcasting   | 3 4 5 6 7 8 |  8.1
Conjurations   | 4 5 6 7 |  7.7
Charms         | 2 4 5 |  5.2
Axes           | 1 |  1.7
Dodging        | |  1.5
Stealth        | |  1.5

Action                   |  1- 3 |  4- 6 |  7- 9 || total
-------------------------+-------+-------+-------++-------
Melee: Unarmed           |    19 |       |       ||    19
       Dagger            |    13 |   177 |   236 ||   426
 Cast: Magic Dart        |    66 |   168 |   102 ||   336
       Searing Ray       |     2 |    10 |    28 ||    40
       Dazzling Spray    |       |     1 |       ||     1
       Iskenderun's Batt |       |       |     3 ||     3
Evoke: Wand              |       |     2 |       ||     2
  Use: Scroll            |     3 |     5 |     9 ||    17
 Stab: Sleeping          |       |     2 |     2 ||     4
Armor: Robe              |     7 |    69 |    47 ||   123
       Animal skin       |       |       |    17 ||    17
Dodge: Dodged            |    43 |   164 |   135 ||   342
Block: Buckler           |       |       |    10 ||    10
